 Dungeon Crawl Stone Soup version 0.30-a0-883-g5ad918d77d (webtiles) character file.

Game seed: 17680105646190874685

1015 Newt the Cutter (level 8, 0/60 HPs)
             Began as a Demonspawn Gladiator on Mar 17, 2023.
             Was an Initiate of Okawaru.
             Splashed by a jelly's acid (8 damage)
             ... on level 6 of the Dungeon.
             The game lasted 00:05:23 (5494 turns).

Newt the Cutter (Demonspawn Gladiator)              Turns: 5494, Time: 00:05:24

Health: 0/60       AC: -6    Str: 18    XL:     8   Next: 1%
Magic:  8/8        EV: 12    Int:  9    God:    Okawaru [......]
Gold:   183        SH:  0    Dex: 14    Spells: 7/7 levels left

rFire   + . .      SeeInvis .    f - +1 dagger (venom)
rCold   + . .      Faith    .    (no shield)
rNeg    . . .      Spirit   .    b - +0 leather armour
rPois   .          Reflect  .    c - +1 helmet
rElec   .          Rampage  .    k - scarf {rC+ rF+}
rCorr   .                        (no gloves)
Will    .....                    (no boots)
Stlth   ++                       (no amulet)
HPRegen 0.30/turn                (no ring)
MPRegen 0.22/turn                (no ring)

@: corroded
A: claws 2, spiny 2, magic regeneration
a: Renounce Religion


You were on level 6 of the Dungeon.
You worshipped Okawaru.
Okawaru was noncommittal.
You visited 2 branches of the dungeon, and saw 7 of its levels.
You also visited: Sewer.

You collected 183 gold pieces.

Inventory:

Hand Weapons
 a - a +1 rapier of protection
 f - a +1 dagger of venom (weapon)
 x - a +0 dagger
Missiles
 d - 4 throwing nets (quivered)
 e - a javelin
 t - 30 poisoned darts
Armour
 b - a +0 leather armour (worn)
 c - a +1 helmet (worn)
 k - a scarf of resistance (worn)
 C - the +1 ring mail "Joehuwoh" {+Blink rCorr Str-4}
   (You found it on level 6 of the Dungeon)

   Str:       It affects your strength (-4).
   +Blink:    It lets you blink.
   rCorr:     It protects you from acid and corrosion.
Jewellery
 y - a ring of fire
Wands
 l - a wand of roots (5)
 m - a wand of flame (26)
 o - a wand of quicksilver (9)
 u - a wand of charming (5)
Scrolls
 p - a scroll of enchant weapon
 q - 2 scrolls of brand weapon
 z - 2 scrolls of fear
 B - 2 scrolls of identify
 D - a scroll of teleportation
Potions
 g - 3 potions of lignification
 h - 2 potions of heal wounds
 i - 3 potions of cancellation
 j - 2 potions of haste
 n - a potion of ambrosia {unknown}
 r - 2 potions of brilliance
 s - a potion of attraction {unknown}
 v - 2 potions of mutation {unknown}
 w - 4 potions of curing {unknown}
 A - 4 potions of might


   Skills:
 + Level 4.1 Fighting
 - Level 5.0 Short Blades
 - Level 5.0 Throwing
 - Level 4.0 Armour
 - Level 2.6 Dodging
 - Level 1.5 Stealth


You had 7 spell levels left.
You didn't know any spells.
Your spell library contained the following spells:

 Spells                   Type           Power      Damage    Failure   Level
 Magic Dart               Conj           0%         1d3       43%         1
 Lesser Beckoning         Tloc           0%         N/A       58%         2
 Gell's Gravitas          Tloc           0%         N/A       82%         3
 Mephitic Cloud           Conj/Pois/Air  0%         N/A       82%         3
 Portal Projectile        Hex/Tloc       0%         N/A       82%         3
 Teleport Other           Tloc           0%         N/A       82%         3
 Blade Hands              Tmut           0%         N/A       100%        5
 Call Imp                 Summ           Unusable   N/A       N/A         2
 Tukima's Dance           Hex            Unusable   N/A       N/A         3

Dungeon Overview and Level Annotations

Branches:
Dungeon (6/15)             Temple (1/1) D:4           Sewer (visited)

Altars:
Ashenzari
Cheibriados
Dithmenos
Gozag
Kikubaaqudgha
Makhleb
Nemelex Xobeh
Okawaru
Qazlal
Ru
Sif Muna
Trog
Uskayaw
Vehumet
Yredelemnul

Annotations:
D:5 2 transporters, Menkaure


Innate Abilities, Weirdness & Mutations

You have very sharp fingernails.
You are mostly covered in sharp spines.
You regenerate magic rapidly.


Message History

The orc hits you with a +0 war axe.
Training target 5.0 for Throwing reached!
Your Throwing skill increases to level 5!
You need to enable at least one skill for training.
You have reached level 8!
You feel stronger.
Your demonic ancestry asserts itself...
Sharp spines emerge from more of your body.
You barely miss the orc.
The orc is heavily wounded.
The jelly is struck by your spines. The jelly closely misses you.
The orc hits you with a +0 war axe. The orc is struck by your spines.
You kill the orc!
Okawaru accepts your kill.
You hit the jelly.
Your claws burn!
The jelly is heavily wounded.
The jelly hits you but does no damage. The orc misses you.
You hit the jelly. The acid corrodes you!
Your claws burn!
The jelly is heavily wounded.
You hit the jelly. The acid corrodes you!
Your claws burn!
The jelly is severely wounded.
The jelly hits you. The acid corrodes you!
You are splashed with acid!
The orc is struck by your spines.
You kill the orc!
Okawaru accepts your kill.
You are too injured to fight recklessly!
You are too injured to fight recklessly!
You are too injured to fight recklessly!
Unknown command.
You hit the jelly but do no damage.
Your claws burn!
* * * LOW HITPOINT WARNING * * *
The jelly is severely wounded.
The jelly hits you.
* * * LOW HITPOINT WARNING * * *
You are splashed with acid!
* * * LOW HITPOINT WARNING * * *
Unknown command.
The jelly attacks as you move away! The jelly hits you.
* * * LOW HITPOINT WARNING * * *
You are splashed with acid!
You die...

##########...).....#
.......)##.##..#
#.##.##.#...#..#
#.#...#........#
#...........#..#
...#...#.##.## .#
#.##..### ... #
#......# .##
##.##@##.#...
...#J.........
#.#.)))...#...#.
#.#.#...#.#
#...##.##... ... ...
### ###. ..## # ###


You could see a jelly.

Vanquished Creatures
  A water moccasin (D:5)
  A kobold brigand (Sewer)
  A bullfrog (D:6)
  3 scorpions
  A howler monkey (D:6)
  3 hounds
  A sleepcap (D:5)
  Ijyb (D:3)
  An iguana (D:6)
  Natasha (twice) (D:2)
  An orc wizard (D:6)
  Robin (D:5)
  3 gnolls (D:6)
  11 adders
  3 river rats
  8 worms
  2 dart slugs (D:2)
  9 orcs
  8 endoplasms
  5 giant cockroaches
  16 goblins
  7 hobgoblins
  5 quokkas
  6 ball pythons
  5 bats
  6 frilled lizards
  22 kobolds
  22 rats
155 creatures vanquished.

Notes
Turn   | Place    | Note
-------+----------+-------------------------------------------
     0 | D:1      | Newt the Demonspawn Gladiator began the quest for the Orb.
     0 | D:1      | Reached XP level 1. HP: 16/16 MP: 1/1
   167 | D:1      | Reached skill level 1 in Stealth
   237 | D:1      | Gained mutation: You are partially covered in sharp spines.
                  | [demonic ancestry]
   237 | D:1      | Reached XP level 2. HP: 22/22 MP: 2/2
   586 | D:1      | Gained mutation: You have sharp fingernails. [demonic
                  | ancestry]
   586 | D:1      | Reached XP level 3. HP: 29/29 MP: 3/3
  1225 | D:2      | Noticed Natasha
  1232 | D:2      | Killed Natasha
  1233 | D:2      | Reached XP level 4. HP: 33/37 MP: 4/4
  1261 | D:2      | Noticed Natasha
  1271 | D:2      | Killed Natasha
  1736 | D:3      | Noticed Ijyb
  1746 | D:3      | Killed Ijyb
  1747 | D:3      | Gained mutation: You have very sharp fingernails. [demonic
                  | ancestry]
  1747 | D:3      | Reached XP level 5. HP: 30/42 MP: 5/5
  2168 | D:3      | Reached skill level 5 in Short Blades
  2168 | D:3      | Gained mutation: You regenerate magic rapidly. [demonic
                  | ancestry]
  2168 | D:3      | Reached XP level 6. HP: 31/48 MP: 6/6
  2546 | D:4      | Reached skill level 1 in Armour
  2565 | D:4      | Found a snail-covered altar of Cheibriados.
  2648 | D:4      | Found a glowing drain.
  2656 | Sewer    | Entered a sewer
  2913 | Sewer    | Reached XP level 7. HP: 42/54 MP: 7/7
  3302 | D:4      | Found a staircase to the Ecumenical Temple.
  3360 | D:4      | Found a sacrificial altar of Ru.
  4058 | Temple   | Entered the Ecumenical Temple
  4101 | Temple   | Became a worshipper of Warmaster Okawaru
  4130 | D:5      | Entered Level 5 of the Dungeon
  4130 | D:5      | Noticed Robin
  4149 | D:5      | Killed Robin
  4489 | D:5      | Noticed a wraith
  4495 | D:5      | Found a transporter.
  4595 | D:5      | Found a transporter.
  4595 | D:5      | Found an ancient bone altar of Kikubaaqudgha.
  4603 | D:5      | Noticed Menkaure
  4621 | D:5      | Found a basalt altar of Yredelemnul.
  5124 | D:6      | Identified the +1 ring mail "Joehuwoh" {+Blink rCorr Str-4}
  5488 | D:6      | Reached skill level 5 in Throwing
  5488 | D:6      | Gained mutation: You are mostly covered in sharp spines.
                  | [demonic ancestry]
  5488 | D:6      | Reached XP level 8. HP: 39/60 MP: 8/8
  5494 | D:6      | Splashed by a jelly's acid

Illustrated notes

Levels and vault maps discovered:
D:1:      shiori_arrival_oz, layout_basic
D:2:      layout_basic, hex_medium, uniq_natasha
D:3:      layout_rooms, kennysheep_donut, minmay_cupped, uniq_ijyb
D:4:      layout_layer_cave, mainiacjoe_overflow_boulevard,
          nicolae_ru_sacrificial_ziggurat, minmay_temple_entry_poolview,
          lightli_sewer_entry_pipes, st_stairs_9, chequers_serial_rivers_micro_b
D:5:      layout_loops_corners, gammafunk_temple_of_torment, nicolae_goblin_pals
D:6:      layout_loops_ring, hangedman_decor_clover_reticule
Temple:   nicolae_temple_ecumenical_triangle

Skill      XL: |  1  2  3  4  5  6  7 |
---------------+----------------------+-----
Stealth        | 1 |  1.5
Fighting       | 3 4 |  4.1
Short Blades   | 3 5 |  5.0
Armour         | 3 4 |  4.0
Throwing       | 5 |  5.0
Dodging        | |  2.6

Action                     |  1- 3 |  4- 6 |  7- 9 || total
---------------------------+-------+-------+-------++-------
  Melee: Rapier            |    62 |       |       ||    62
         Dagger            |    14 |   181 |    91 ||   286
         Punch             |       |     1 |     3 ||     4
    Use: Scroll            |     4 |     7 |     1 ||    12
         Potion            |       |       |     3 ||     3
   Stab: Sleeping          |     8 |     4 |     2 ||    14
 Armour: Leather armour    |    18 |    33 |    18 ||    69
  Dodge: Dodged            |    23 |    74 |    34 ||   131

Table legend: (Time is in decaauts)
 A = Elapsed time spent in this place.
 B = Non-inter-level travel time spent in this place.
 C = Inter-level travel time spent in this place.
 D = Time resting spent in this place.
 E = Time spent auto-exploring this place.
 F = Levels seen in this place.
 G = Mean time per level.
                   A        B        C        D        E       F      G
               +--------+--------+--------+--------+--------+-----+--------+
         Total |   5470 |   5261 |    209 |    237 |   4070 |   8 |  683.8 |
       Dungeon |   4873 |   4670 |    203 |    237 |   3642 |   6 |  812.2 |
        Temple |     48 |     43 |      5 |      0 |     30 |   1 |   48.0 |
         Sewer |    548 |    548 |      0 |      0 |    398 |   1 |  548.0 |
               +--------+--------+--------+--------+--------+-----+--------+

Top non-repeatable levels by time:
     D:4: 1381 daAuts
     D:5: 951 daAuts
     D:2: 890 daAuts
     D:1: 701 daAuts
     D:3: 556 daAuts
   Sewer: 548 daAuts
     D:6: 392 daAuts
  Temple: 48 daAuts
